 Dungeon Crawl Stone Soup version 0.31.0-12-g77e489cdc1 (webtiles) character file.

Game seed: 7489788797643878219

358135 Metae the Tortoise (level 21, -5/181 HPs)
             Began as a Minotaur Fighter on Feb 16, 2024.
             Was the Champion of Uskayaw.
             Slain by a shadow dragon (6 damage)
             ... on level 5 of the Vaults.
             The game lasted 03:38:29 (45464 turns).

Metae the Tortoise (Minotaur Fighter)              Turns: 45464, Time: 03:38:31

Health: -5/181     AC: 42    Str: 48    XL:     21   Next: 43%
Magic:  27/30      EV: 20    Int:  3    God:    Uskayaw [******]
Gold:   1091       SH: 17    Dex: 16    Spells: 20/20 levels left

rFire   + + .        a - +2 trident of Etaruarr {protect, rF+ Str+3 Int+3}
rCold   + . .        x - +4 kite shield "Noakautu" {Rampage Fly rC+ Int-4}
rNeg    + + +        J - +4 shadow dragon scales of Lifelessness {Will+ Stlth++++}
rPois   +            (helmet restricted)
rElec   +            E - +2 cloak {rC+}
rCorr   +            r - +2 pair of gloves {Dex+3}
SInv    +            W - +0 pair of boots of Pandemonium {rElec Str+3}
Will    ++...        m - amulet of Mistrust {rN+++ Regen+ rCorr SInv Stlth-}
Stlth   +            q - ring "Acohofrih" {Fire rPois rN+ Str+3}
HPRegen 1.30/turn    K - ring of Lady Luck {Fly Str+7}
MPRegen 0.22/turn

%: rampage
@: under a protective aura, flying, studying Dodging
A: horns 2, retaliatory headbutt, frail 1, strong 1
}: 2/15 runes: decaying, serpentine
a: Renounce Religion, Stomp, Line Pass, Grand Finale


You were on level 5 of the Vaults.
You worshipped Uskayaw.
Uskayaw was pleased with you.
You visited 7 branches of the dungeon, and saw 35 of its levels.
You visited the Abyss 2 times.
You visited 1 bazaar.
You also visited: Ossuary, Ice Cave and Volcano.

You collected 4588 gold pieces.
You spent 3497 gold pieces at shops.

Inventory:

Hand Weapons
 a - the +2 trident of Etaruarr (weapon) {protect, rF+ Str+3 Int+3}
   (You found it on level 4 of the Dungeon)

   Str+3:     It affects your strength (+3).
   Int+3:     It affects your intelligence (+3).
   rF+:       It protects you from fire.
 b - a +1 hand cannon of freezing
 D - a +1 spectral demon trident
Missiles
 h - 56 poisoned darts (quivered)
 O - 5 datura-tipped darts
Armour
 r - a +2 pair of gloves of dexterity (worn)
 x - the +4 kite shield "Noakautu" (worn) {Rampage Fly rC+ Int-4}
   (You bought it in a shop on level 2 of the Snake Pit)

   Int-4:     It affects your intelligence (-4).
   rC+:       It protects you from cold.
   Fly:       It grants you flight.
   Rampage:   It bestows one free step when moving towards enemies.
 E - a +2 cloak of cold resistance (worn)
 J - the +4 shadow dragon scales of Lifelessness (worn) {Will+ Stlth++++}
   (You found it on level 1 of the Swamp)

   Will+:     It increases your willpower.
   Stlth++++: It makes you much more stealthy.
 L - the +0 kite shield of Death Resistance {rElec rF- Int+3}
   (You took it off an orc warlord on level 14 of the Dungeon)

   Int+3:     It affects your intelligence (+3).
   rF-:       It makes you vulnerable to fire.
   rElec:     It insulates you from electricity.
 W - the +0 pair of boots of Pandemonium (worn) {rElec Str+3}
   (You acquired it on level 3 of the Vaults)

   Str+3:     It affects your strength (+3).
   rElec:     It insulates you from electricity.
Jewellery
 k - a ring of resist corrosion
 m - the amulet of Mistrust (around neck) {rN+++ Regen+ rCorr SInv Stlth-}
   (You found it on level 5 of the Lair of Beasts)

   [amulet of regeneration]

   rN+++:     It renders you almost immune to negative energy.
   SInv:      It lets you see invisible.
   Regen+:    It increases your rate of health regeneration.
   rCorr:     It protects you from acid and corrosion.
   Stlth-:    It makes you less stealthy.
 q - the ring "Acohofrih" (left hand) {Fire rPois rN+ Str+3}
   (You acquired it on level 10 of the Dungeon)

   [ring of fire]

   Fire:      It enhances your fire magic.
   Str+3:     It affects your strength (+3).
   rF+:       It protects you from fire.
   rC-:       It makes you vulnerable to cold.
   rPois:     It protects you from poison rN+: It protects you from negative
   energy.
 I - an amulet of reflection
 K - the ring of Lady Luck (right hand) {Fly Str+7}
   (You bought it in a shop on level 5 of the Dungeon)

   [ring of flight]

   Str+7:     It affects your strength (+7).
   Fly:       It grants you flight.
 N - a +6 ring of strength
 X - the ring of Offeb {*Corrode Fly rC++ Will+ Dex+3}
   (You found it on level 1 of the Swamp)

   [ring of flight]

   Dex+3:     It affects your dexterity (+3).
   rC++:      It greatly protects you from cold.
   Will+:     It increases your willpower.
   Fly:       It grants you flight.
   *Corrode:  It may corrode you when you take damage.
Wands
 t - a wand of roots (56)
 B - a wand of quicksilver (14)
 F - a wand of mindburst (23)
 G - a wand of paralysis (20)
 S - a wand of polymorph (14)
 T - a wand of digging (2)
 Y - a wand of flame (23)
Scrolls
 c - 6 scrolls of enchant weapon
 i - 2 scrolls of revelation
 j - 3 scrolls of fog
 p - 13 scrolls of teleportation
 s - a scroll of summoning
 u - 2 scrolls of poison
 y - 4 scrolls of fear
 C - 3 scrolls of brand weapon
 P - 4 scrolls of enchant armour
 Q - 3 scrolls of blinking
 Z - 2 scrolls of silence
Potions
 f - 17 potions of curing
 g - 14 potions of heal wounds
 l - 13 potions of enlightenment
 o - 8 potions of haste
 v - 3 potions of invisibility
 z - 7 potions of brilliance
 A - 5 potions of magic
 H - 3 potions of berserk rage
 M - 6 potions of ambrosia
 R - 7 potions of might
 U - 4 potions of resistance
 V - 4 potions of cancellation
Miscellaneous
 d - a phantom mirror
 e - a lightning rod (4/4)
 n - a condenser vane
 w - a phial of floods


   Skills:
 + Level 20.6 Fighting
 + Level 20.5 Polearms
 - Level 6.9 Ranged Weapons
 + Level 20.7 Armour
 + Level 19.5 Dodging
 - Level 14.6 Shields
 + Level 13.5 Invocations
 - Level 9.2 Evocations


You had 20 spell levels left.
You didn't know any spells.
Your spell library contained the following spells:

 Spells                   Type           Power      Damage    Failure   Level
 Apportation              Tloc           0%         N/A       80%         1
 Foxfire                  Conj/Fire      0%         2x1d4     80%         1
 Magic Dart               Conj           0%         1d3       80%         1
 Necrotise                Necr           0%         1d4       80%         1
 Shock                    Conj/Air       0%         1d3       80%         1
 Sting                    Conj/Alch      0%         1d3       80%         1
 Summon Small Mammal      Summ           0%         N/A       80%         1
 Blink                    Tloc           0%         N/A       91%         2
 Call Imp                 Summ           0%         N/A       91%         2
 Jinxbite                 Hex            0%         N/A       91%         2
 Lesser Beckoning         Tloc           0%         N/A       91%         2
 Momentum Strike          Conj/Tloc      0%         3d8       91%         2
 Scorch                   Fire           0%         2d5       91%         2
 Static Discharge         Conj/Air       0%         3-3/arc   91%         2
 Sublimation of Blood     Necr           0%         N/A       91%         2
 Call Canine Familiar     Summ           0%         N/A       99%         3
 Gell's Gravitas          Tloc           0%         N/A       99%         3
 Swiftness                Air            0%         N/A       99%         3
 Teleport Other           Tloc           0%         N/A       99%         3
 Vampiric Draining        Necr           0%         2d6       99%         3
 Airstrike                Air            0%         2d(0-16)  100%        4
 Flame Wave               Conj/Fire      0%         2d4       100%        4
 Martyr's Knell           Necr/Summ      0%         N/A       100%        4
 Summon Blazeheart Golem  Fire/Summ      0%         N/A       100%        4
 Summon Lightning Spire   Summ/Air       0%         N/A       100%        4
 Alistair's Intoxication  Alch           0%         N/A       100%        5
 Borgnjor's Vile Clutch   Necr/Erth      0%         N/A       100%        5
 Curse of Agony           Necr           0%         N/A       100%        5
 Eringya's Noxious Bog    Alch           0%         4d6       100%        6
 Plasma Beam              Fire/Air       0%         2x1d10    100%        6
 Starburst                Conj/Fire      0%         6d3       100%        6
 Summon Cactus Giant      Summ           0%         N/A       100%        6
 Summon Hydra             Summ           0%         N/A       100%        7


Dungeon Overview and Level Annotations

Branches:
Dungeon (14/15)            Temple (1/1) D:5            Lair (5/5) D:8
  Swamp (4/4) Lair:3        Snake (4/4) Lair:3        Slime (0/5) Lair:4
    Orc (2/2) D:12            Elf (0/3) Orc:2        Vaults (4/5) D:14
  Crypt (0/3) Vaults:2    Ossuary (visited)           IceCv (visited)
Volcano (visited)

Altars:
Ashenzari
Cheibriados
Dithmenos
Elyvilon
Fedhas
Gozag
Hepliaklqana
Kikubaaqudgha
Makhleb
Nemelex Xobeh
Okawaru
Qazlal
Ru
Sif Muna
Trog
Uskayaw
Vehumet
Wu Jian
Xom
Yredelemnul
Zin
The Shining One
Jiyva

Shops:
D:5 =   D:7 (   D:9 [   Orc:2 *?[!   Snake:2 *![:   Snake:4 (   Vaults:3 :

Annotations:
Snake:2 2 transporters, Bunnuime's ghost, adept DECj


Innate Abilities, Weirdness & Mutations

You have a pair of horns on your head.
You reflexively headbutt those who attack you in melee.
You are frail. (-10% HP)
Your muscles are strong. (Str +4, Int/Dex -1)


Message History

* * * LOW HITPOINT WARNING * * *
The cyan very ugly thing claws you but does no damage.
You block the vault warden's attack.
You block the deep elf high priest's attack.
An ettin comes into view. It is wielding two +0 dire flails.
The vault guard hits you but does no damage.
You block the shadow dragon's attack.
The shadow dragon claws you but does no damage.
The shadow dragon claws you.
* * * LOW HITPOINT WARNING * * *
The deep elf annihilator casts a spell.
The deep elf annihilator blinks!
The stone giant barely misses you.
You completely miss the deep elf high priest.
The deep elf high priest is almost dead.
The green very ugly thing basks in the mutagenic energy from its kin and changes!
Unknown command.
You closely miss the deep elf high priest.
You headbutt the deep elf high priest.
You kill the deep elf high priest!
The vault warden is no longer sharing its pain.
The lich touches you but does no damage.
The vault guard misses you. The shadow dragon bites you!
* * * LOW HITPOINT WARNING * * *
The shadow dragon misses you.
The shadow dragon completely misses you.
You block the cyan very ugly thing's attack.
You block the vault warden's attack. You block the stone giant's attack.
You puncture the stone giant! You headbutt the stone giant.
The stone giant is lightly wounded.
The lich touches you but does no damage.
You block the brown very ugly thing's attack.
You block the cyan very ugly thing's attack.
You block the vault guard's attack. The stone giant hits you!!
* * * LOW HITPOINT WARNING * * *
The cyan very ugly thing completely misses you.
The stone giant hits you!!
* * * LOW HITPOINT WARNING * * *
The shadow dragon bites you but does no damage.
The shadow dragon claws you.
You die...

#....# # #....#
. ##. #.ยง..# .#
##..##....# .#
....)#..!.##.#
#.)..c.....#
####..uuC...####
.....DL@Dp......
.....CCuup......
......cpC.......
....p..c....$...
##...........###
#.#.......C..[.
!#.#......#.....
.#.#.....#.....


You could see 2 shadow dragons, an ironbound preserver (empowered), 4 very ugly
things, 3 stone giants, 2 vault wardens, a lich (fast, empowered, sheltered), a
vault guard, 2 ettins and 3 yaktaurs.

Vanquished Creatures
  Boris (thrice) (Vaults:1 Vaults:2 Vaults:3)
  Saint Roka (Orc:2)
  Vashnia (Snake:4)
  2 bone dragons
  Jorgrun (Swamp:3)
  Asterion (Vaults:2)
  Zenata (Vaults:3)
  A titan (Vaults:4)
  2 sphinxes
  An ancient champion (Vaults:2)
  A tentacled starspawn (Abyss:3)
  2 thorn hunters
  Aizul (Snake:1)
  2 tengu reavers (Vaults:3)
  3 fenstrider witches (Swamp:3)
  3 nagarajas (Snake:4)
  11 vault wardens
  3 fire giants
  A frost giant (Vaults:4)
  5 orc warlords
  21 ironbound preservers
  A ghoul (Swamp:1)
  A formless jellyfish (Vaults:3)
  7 ironbound thunderhulks
  2 stone giants
  2 deep elf demonologists
  5 eleionomae
  2 bunyips (Swamp:1)
  8 dire elephants
  A war gargoyle (Vaults:1)
  The ghost of Wociock the Destroyer, a journeyman DgHW (D:14)
  An eidolon (Abyss:1)
  An ettin (D:12)
  12 yaktaur captains
  Josephine (Lair:4)
  4 shambling mangroves
  3 entropy weavers
  6 great orbs of eyes
  2 deep elf high priests (Vaults:5)
  A crystal guardian (Vaults:1)
  26 vault guards (Vaults:4)
  Erolcha (Orc:2)
  5 salamander tyrants (Snake:4)
  18 hydras
  A catoblepas (Lair:5)
  14 anacondas
  7 alligators
  The ghost of Athor the Thaumaturge, a journeyman OpEE of Gozag (D:9)
  7 two-headed ogres
  2 peacekeepers (Vaults:1)
  4 boulder beetles
  6 centaur warriors
  10 ironbound frosthearts
  10 ghost crabs
  A tengu warrior (D:9)
  A deep troll shaman (Lair:5)
  7 orc high priests (Orc:2)
  A spriggan berserker (Swamp:4)
  8 death yaks
  13 naga warriors
  An occultist (D:14)
  16 naga sharpshooters
  A thrashing horror (Abyss:1)
  7 shock serpents
  Nergalle (D:11)
  A shock serpent (shapeshifter) (Vaults:4)
  A skyshark (Lair:4)
  2 wretched stars
  2 salamander mystics
  A spatial maelstrom (Abyss:3)
  A sixfirhy (Abyss:1)
  10 skeletal warriors
  2 sea snakes
  9 bog bodies
  A deep troll (shapeshifter) (Vaults:1)
  7 arcanists
  7 goliath frogs
  A sea snake (shapeshifter) (Vaults:2)
  20 ironbound convokers
  13 swamp dragons
  4 spriggan druids
  12 mana vipers
  6 naga ritualists
  36 deep trolls
  14 lindwurms
  11 orc knights
  Pikel (D:8)
  A phantasmal warrior (Vaults:3)
  2 necromancers
  7 harpies
  9 large abominations
  An anaconda skeleton (Volcano)
  8 orc sorcerers
  An iron dragon zombie (Vaults:1)
  22 ugly things
  A deep elf pyromancer (D:12)
  3 worldbinders
  A stone giant zombie (Vaults:1)
  7 cyclopes
  6 manticores
  A wolf spider (D:12)
  2 alligator skeletons (Volcano)
  5 will-o-the-wisps (Swamp:1)
  A moth of wrath (D:9)
  20 salamanders
  3 human skeletons (Vaults:2)
  An iron dragon skeleton (Abyss:3)
  25 elephants
  An apocalypse crab (Abyss:1)
  A black mamba (shapeshifter) (Vaults:1)
  2 stone giant skeletons (Vaults:2)
  37 black mambas
  3 fire giant skeletons
  4 smoke demons
  20 vault sentinels
  A water nymph (shapeshifter) (Vaults:3)
  8 guardian serpents
  An ice statue (IceCv)
  12 naga magi
  A rust devil (Abyss:1)
  A dire elephant zombie (Abyss:1)
  A torpor snail (Lair:4)
  9 cane toads
  6 gargoyles
  An unseen horror (shapeshifter) (D:14)
  3 rime drakes
  43 yaktaurs
  2 unseen horrors
  3 kobold demonologists
  8 komodo dragons
  2 freezing wraiths
  A yaktaur skeleton (Vaults:1)
  3 tengu conjurers (D:14)
  2 efreet
  7 trolls
  4 ancient zymes
  A queen bee (Lair:1)
  2 hellwings (Abyss:1)
  10 tyrant leeches
  Prince Ribbit (D:6)
  3 bloated husks (Swamp:1)
  15 polar bears
  A queen bee (shapeshifter) (D:11)
  2 harpy skeletons
  21 blink frogs
  9 hornets
  3 raiju (Abyss:1)
  23 slime creatures
  8 dream sheep
  A centaur simulacrum (D:14)
  A culicivora (shapeshifter) (Vaults:1)
  6 wyverns
  9 spriggans
  A vampire (D:12)
  6 wraiths
  2 ettin skeletons (Vaults:2)
  64 yaks
  2 shadows
  2 basilisks
  2 ynoxinuls (Abyss:1)
  11 wargs
  Grum (D:8)
  A chaos spawn (Abyss:3)
  2 neqoxecs (Abyss:3)
  A steam dragon (D:10)
  A redback (shapeshifter) (Vaults:1)
  2 redbacks (Vaults:2)
  28 vampire mosquitoes
  32 nagas
  2 elf skeletons (Vaults:2)
  A swamp worm (shapeshifter) (Vaults:2)
  An ogre zombie (Vaults:1)
  14 swamp worms
  An acid dragon (D:12)
  Edmund (D:4)
  Duvessa (D:4)
  14 water moccasins
  7 swamp drakes
  29 orc warriors
  A sky beast (D:8)
  A glowing shapeshifter skeleton (Vaults:2)
  2 laughing skulls (Volcano)
  An ice beast (shapeshifter) (D:14)
  5 ogres
  A small abomination (Abyss:3)
  2 black bears
  51 wolves
  A boggart (Vaults:1)
  5 centaurs
  2 lemures (D:8)
  A phantom (D:5)
  3 weeping skulls
  6 kobold brigands
  2 elf zombies (Ossuary)
  2 scorpions
  9 bullfrogs
  A two-headed ogre simulacrum (D:11)
  2 burial acolytes (Ossuary)
  3 wights (D:9)
  Dowan (D:4)
  39 killer bees
  3 howler monkeys
  2 electric eels (Lair:5)
  4 spriggan skeletons (Volcano)
  3 hounds
  4 lava snakes (Lair:5)
  3 centaur zombies (Ossuary)
  24 orc priests
  A bombardier beetle (D:4)
  A quasit (Abyss:3)
  A human zombie (Ossuary)
  4 jellies (Lair:4)
  Crazy Yiuf (D:3)
  An iron imp (Abyss:3)
  3 sleepcaps
  8 starcursed masses (Abyss:3)
  3 iguanas
  40 orc wizards
  3 naga skeletons (Volcano)
  2 hound zombies (Ossuary)
  2 mummies (Ossuary)
  3 gnolls (D:5)
  13 adders
  A shadow imp (D:8)
  A white imp (D:6)
  An ufetubus (Abyss:1)
  2 ribbon worms (D:3)
  4 dart slugs (D:1)
  116 orcs
  9 ball pythons
  7 bats
  8 endoplasms
  2 giant cockroaches
  6 goblins
  10 hobgoblins
  17 jackals
  28 kobolds
  A quokka (D:3)
  4 frilled lizards
  7 gnoll zombies (Ossuary)
  6 orc zombies (Ossuary)
  2 rats
  2 butterflies
  3 lurking horrors (Abyss:1)
1625 creatures vanquished.

Vanquished Creatures (others)
  A bog body (Swamp:1)
  A black mamba (Snake:2)
  3 bloated husks
  A golden eye (Abyss:1)
  A naga (Snake:3)
  2 electric eels (Lair:5)
  An orc priest (Orc:2)
  2 orc wizards
  4 orcs
  25 foxfires (Swamp:1)
  2 starspawn tentacles (Abyss:3)
43 creatures vanquished.

Grand Total: 1668 creatures vanquished

Notes
Turn   | Place    | Note
-------+----------+-------------------------------------------
     0 | D:1      | Metae the Minotaur Fighter began the quest for the Orb.
     0 | D:1      | Reached XP level 1. HP: 19/19 MP: 0/0
   251 | D:1      | Reached XP level 2. HP: 27/27 MP: 1/1
   352 | D:1      | Reached skill level 1 in Dodging
   699 | D:1      | Reached XP level 3. HP: 33/33 MP: 2/2
  1430 | D:2      | Reached XP level 4. HP: 40/40 MP: 3/3
  1431 | D:2      | Found a faded altar of an unknown god.
  2285 | D:3      | Found an ancient bone altar of Kikubaaqudgha.
  2374 | D:3      | Found a runed translucent door.
  2375 | D:3      | Noticed Crazy Yiuf
  2584 | D:4      | Reached XP level 5. HP: 44/47 MP: 4/4
  2959 | D:4      | Noticed Duvessa
  2975 | D:4      | Killed Duvessa
  2976 | D:4      | Reached skill level 5 in Shields
  2976 | D:4      | Reached XP level 6. HP: 9/51 MP: 5/5
  2979 | D:4      | Noticed Dowan
  2984 | D:4      | Killed Dowan
  2985 | D:4      | Reached skill level 5 in Fighting
  2985 | D:4      | Reached skill level 5 in Armour
  3003 | D:4      | Identified the +2 trident of Etaruarr {protect, rF+ Str+3
                  | Int+3}
  3407 | D:4      | Noticed Edmund
  3413 | D:4      | Killed Edmund
  3451 | D:4      | Reached XP level 7. HP: 56/61 MP: 6/6
  3919 | D:3      | Killed Crazy Yiuf
  4047 | D:5      | Entered Level 5 of the Dungeon
  4220 | D:5      | Found a glowing golden altar of the Shining One.
  4220 | D:5      | Found an iron altar of Okawaru.
  4277 | D:5      | Found a sand-covered staircase.
  4282 | Ossuary  | Entered an ossuary
  4318 | Ossuary  | Reached skill level 5 in Polearms
  4566 | Ossuary  | Reached XP level 8. HP: 57/70 MP: 7/7
  5056 | D:5      | Found a staircase to the Ecumenical Temple.
  5099 | Temple   | Entered the Ecumenical Temple
  5124 | Temple   | Became a worshipper of Uskayaw the Reveller
  5257 | D:5      | Reached * piety under Uskayaw
  5285 | D:5      | Found Teriev Obu's Jewellery Shop.
  5331 | D:6      | Found a shimmering blue altar of Sif Muna.
  5334 | D:6      | Reached ** piety under Uskayaw
  5338 | D:6      | Reached *** piety under Uskayaw
  5347 | D:6      | Reached **** piety under Uskayaw
  5365 | D:6      | Noticed Prince Ribbit
  5378 | D:6      | Killed Prince Ribbit
  5379 | D:6      | Reached skill level 5 in Dodging
  5379 | D:6      | Reached skill level 1 in Invocations
  5792 | D:7      | Reached XP level 9. HP: 77/79 MP: 9/9
  6216 | D:7      | Found Beesodiu's Weapon Emporium.
  6271 | D:7      | Reached ***** piety under Uskayaw
  6874 | D:8      | Found a staircase to the Lair.
  7274 | D:8      | Noticed a two-headed ogre
  7292 | D:7      | Reached XP level 10. HP: 34/88 MP: 11/11
  7512 | D:7      | Killed a two-headed ogre
  7894 | D:8      | Noticed Pikel
  7907 | D:8      | Killed Pikel
  8095 | D:8      | Noticed Grum
  8099 | D:8      | Reached skill level 10 in Shields
  8115 | D:8      | Killed Grum
  8305 | D:8      | Found a shimmering altar of Xom.
  8497 | D:5      | Bought the ring of Lady Luck {Fly Str+7} for 392 gold
                  | pieces
  8562 | Lair:1   | Entered Level 1 of the Lair of Beasts
  8562 | Lair:1   | Noticed a black mamba
  8563 | Lair:1   | Noticed a cane toad
  8566 | Lair:1   | Noticed a cane toad
  8576 | D:8      | Killed a black mamba
  8578 | D:8      | Reached skill level 1 in Evocations
  8816 | Lair:1   | Killed a cane toad
  8820 | Lair:1   | Killed a cane toad
  8824 | Lair:1   | Reached XP level 11. HP: 65/97 MP: 13/13
  8858 | Lair:1   | Reached skill level 5 in Invocations
  9773 | Lair:1   | Reached ****** piety under Uskayaw
 10406 | Lair:2   | Reached skill level 10 in Fighting
 10406 | Lair:2   | Reached skill level 10 in Armour
 10445 | Lair:2   | Reached skill level 10 in Polearms
 10674 | Lair:2   | Reached XP level 12. HP: 107/107 MP: 15/15
 11551 | Lair:3   | Found a staircase to the Snake Pit.
 11727 | Lair:3   | Reached skill level 5 in Evocations
 12200 | Lair:3   | Found a staircase to the Swamp.
 12200 | Lair:3   | Noticed a boulder beetle
 12268 | Lair:3   | Killed a boulder beetle
 12630 | Lair:4   | Reached skill level 10 in Dodging
 12661 | Lair:4   | Found a viscous altar of Jiyva.
 12661 | Lair:4   | Found a staircase to the Slime Pits.
 12841 | Lair:4   | Reached XP level 13. HP: 111/116 MP: 17/17
 12845 | Lair:4   | Found a dark tunnel.
 12854 | Volcano  | Entered a volcano
 13462 | Volcano  | Identified the +1 robe of Intuition {^Contam +Blink Dex+3}
 13656 | Lair:4   | Noticed a dire elephant
 13673 | Lair:4   | Killed a dire elephant
 14389 | Lair:4   | Noticed Josephine
 14402 | Lair:4   | Killed Josephine
 14831 | Lair:5   | Entered Level 5 of the Lair of Beasts
 15600 | Lair:5   | Identified the amulet of Mistrust {rN+++ Regen+ rCorr SInv
                  | Stlth-}
 15786 | Lair:5   | Reached XP level 14. HP: 127/127 MP: 19/19
 16588 | D:9      | Found a transporter.
 16611 | D:9      | Noticed Athor's ghost (journeyman OpEE)
 16623 | D:9      | Found Wocry's Armour Shoppe.
 16947 | D:9      | Found a bloodstained altar of Trog.
 16956 | D:9      | Found a transporter.
 17191 | D:10     | Entered Level 10 of the Dungeon
 17204 | D:10     | Identified a scroll of acquirement
 17650 | D:10     | Found a blossoming altar of Fedhas.
 17650 | D:10     | Found a shadowy altar of Dithmenos.
 17654 | D:10     | Found a sparkling altar of Nemelex Xobeh.
 17655 | D:10     | Found a white marble altar of Elyvilon.
 18292 | D:11     | Found a frozen archway.
 18300 | D:11     | Noticed Nergalle
 18309 | D:11     | Killed Nergalle
 18313 | IceCv    | Entered an ice cave
 19334 | D:11     | Reached skill level 10 in Invocations
 20029 | D:12     | Reached skill level 1 in Ranged Weapons
 20037 | D:12     | Reached XP level 15. HP: 124/137 MP: 21/21
 20263 | D:12     | Found an ornate altar of the Wu Jian Council.
 20744 | D:12     | Found a staircase to the Orcish Mines.
 21030 | Orc:1    | Entered Level 1 of the Orcish Mines
 21059 | Orc:1    | Paralysed by an orc sorcerer for 5 turns
 21498 | Orc:2    | Entered Level 2 of the Orcish Mines
 21605 | Orc:2    | Noticed Saint Roka
 21754 | Orc:2    | Noticed Erolcha
 21756 | Abyss:1  | Found a corrupted altar of Lugonu.
 21756 | Abyss:1  | Cast into level 1 of the Abyss (Erolcha)
 22269 | Abyss:1  | Noticed a bone dragon
 22290 | Abyss:1  | Killed a bone dragon
 22342 | Abyss:1  | Paralysed by accursed screaming for 1 turns
 22344 | Orc:2    | Escaped the Abyss
 22443 | Orc:2    | Killed Erolcha
 22532 | Orc:2    | Found Wer Cist's Mayhem Merchandise.
 22712 | Orc:2    | Found Waatuir's Magic Scroll Shoppe.
 22719 | Orc:2    | Bought a scroll of blinking for 112 gold pieces
 22826 | Orc:2    | Paralysed by an orc sorcerer for 3 turns
 23260 | Orc:2    | Killed Saint Roka
 23318 | Orc:2    | Reached skill level 5 in Ranged Weapons
 23319 | Orc:2    | Found Cokhlolew's Distillery.
 23329 | Orc:2    | Bought a potion of cancellation for 112 gold pieces
 23329 | Orc:2    | Bought a potion of curing for 42 gold pieces
 23329 | Orc:2    | Bought a potion of might for 56 gold pieces
 23329 | Orc:2    | Bought a potion of heal wounds for 70 gold pieces
 23412 | Orc:2    | Found a staircase to the Elven Halls.
 23558 | Orc:2    | Found Noorot's Antique Armour Emporium.
 23935 | Orc:2    | Bought a scroll of teleportation for 45 gold pieces
 23935 | Orc:2    | Bought 3 scrolls of teleportation for 135 gold pieces
 24273 | Lair:3   | Acquired the ring "Acohofrih" {Fire rPois rN+ Str+3}
 24282 | Swamp:1  | Entered Level 1 of the Swamp
 24454 | Swamp:1  | Reached XP level 16. HP: 132/147 MP: 22/22
 24537 | Swamp:1  | Reached skill level 15 in Armour
 24639 | Swamp:1  | Reached skill level 15 in Fighting
 25173 | Swamp:1  | Reached skill level 15 in Polearms
 25515 | Swamp:1  | Noticed a thorn hunter
 25558 | Swamp:1  | Killed a thorn hunter
 25657 | Swamp:1  | Identified the +2 robe of Elitism {rElec Int+3 Dex+6}
 25667 | Swamp:1  | Identified the +4 shadow dragon scales of Lifelessness
                  | {Will+ Stlth++++}
 25685 | Swamp:1  | Identified the ring of Offeb {*Corrode Fly rC++ Will+
                  | Dex+3}
 26913 | Swamp:3  | Noticed Jorgrun
 26931 | Swamp:3  | Killed Jorgrun
 27404 | Swamp:3  | Found a runed translucent door.
 27530 | Swamp:4  | Entered Level 4 of the Swamp
 27536 | Swamp:4  | Noticed a thorn hunter
 27550 | Swamp:4  | Killed a thorn hunter
 27901 | Swamp:4  | Reached XP level 17. HP: 123/158 MP: 24/24
 28073 | Swamp:4  | Got a decaying rune of Zot
 28516 | Snake:1  | Entered Level 1 of the Snake Pit
 28562 | Snake:1  | Identified the serpent talisman of an ice cave {rN+ Str+2
                  | Stlth-}
 28562 | Snake:1  | Noticed Aizul
 28603 | Snake:1  | Killed Aizul
 28718 | Snake:1  | Found a flickering gateway to a bazaar.
 28730 | Bazaar   | Entered a bazaar
 28730 | Bazaar   | Found Utrucsao's Antique Armour Boutique.
 28730 | Bazaar   | Found Puovul's General Store.
 28730 | Bazaar   | Found Voanew's Jewellery Emporium.
 28731 | Bazaar   | Found Quteth's Distillery.
 28731 | Bazaar   | Found Dutraseg's Jewellery Shoppe.
 28741 | Bazaar   | Bought a scroll of identify for 20 gold pieces
 28775 | Bazaar   | Bought a potion of haste for 110 gold pieces
 28775 | Bazaar   | Bought a potion of curing for 33 gold pieces
 28775 | Bazaar   | Bought a potion of curing for 33 gold pieces
 28775 | Bazaar   | Bought a potion of invisibility for 88 gold pieces
 28775 | Bazaar   | Bought a potion of heal wounds for 55 gold pieces
 30311 | Snake:2  | Found Edazaf's Distillery.
 30330 | Snake:2  | Found Dihoup's Book Shop.
 30330 | Snake:2  | Found Ytemampu's General Store.
 30345 | Snake:2  | Found Edghipt's Antique Armour Shop.
 30356 | Snake:2  | Bought a potion of invisibility for 144 gold pieces
 30368 | Snake:2  | Bought an ichor-stained kite shield for 370 gold pieces
 30368 | Snake:2  | Identified the +4 kite shield "Noakautu" {Rampage Fly rC+
                  | Int-4} (You bought it in a shop on level 2 of the Snake
                  | Pit)
 30401 | Snake:2  | Noticed Bunnuime's ghost (adept DECj)
 30405 | Snake:2  | Found a transporter.
 30451 | Snake:2  | Reached skill level 15 in Dodging
 30843 | Snake:2  | Found a transporter.
 31742 | Snake:3  | Reached XP level 18. HP: 169/169 MP: 25/25
 32469 | Snake:4  | Entered Level 4 of the Snake Pit
 33029 | Snake:4  | Found Cuthuim's Antique Weapon Boutique.
 33226 | Snake:4  | Noticed Vashnia
 33847 | Snake:4  | Killed Vashnia
 34386 | Snake:4  | Got a serpentine rune of Zot
 35420 | D:9      | Killed Athor's ghost
 36568 | D:14     | Found an iron altar of Okawaru.
 36655 | D:14     | Found a runed translucent gate.
 36655 | D:14     | Noticed Wociock's ghost (journeyman DgHW)
 36656 | D:14     | Identified the +0 kite shield of Death Resistance {rElec
                  | rF- Int+3}
 36658 | D:14     | Found a runed translucent gate.
 36659 | D:14     | Found a runed translucent gate.
 36951 | D:14     | Found a gate to the Vaults.
 37160 | D:14     | Killed Wociock's ghost
 37199 | D:14     | Identified the +1 helmet of Qydim {+Inv rElec rF+}
 37340 | Vaults:1 | Entered Level 1 of the Vaults
 37415 | Vaults:1 | Reached XP level 19. HP: 153/179 MP: 26/26
 37811 | Vaults:1 | Noticed Boris
 37837 | Vaults:1 | Killed Boris
 40032 | Vaults:2 | Found a staircase to the Crypt.
 40348 | Vaults:2 | Noticed Asterion
 40365 | Vaults:2 | Killed Asterion
 40535 | Vaults:2 | Noticed Boris
 40560 | Vaults:2 | Killed Boris
 40730 | Vaults:2 | Reached XP level 20. HP: 178/191 MP: 27/27
 41473 | Vaults:3 | Noticed Boris
 41495 | Vaults:3 | Killed Boris
 41700 | Vaults:3 | Noticed Zenata
 41724 | Vaults:3 | Killed Zenata
 42201 | Vaults:3 | Identified the +5 spear of Dishonour {antimagic, rC+}
 42202 | Vaults:3 | Identified the +3 leather armour of Mezcal {rC+}
 42209 | Vaults:3 | Identified the +0 ring mail "Wory" {Fly rC+++ Will- Int-3}
 42210 | Vaults:3 | Identified the ring "Saell" {rPois rC+++ rN+ MP+9 Dex-4}
 42444 | Vaults:3 | Acquired the +0 pair of boots of Pandemonium {rElec Str+3}
 42709 | Vaults:3 | Found Komycebi's Book Boutique.
 42717 | Vaults:3 | Bought a manual of Dodging for 1680 gold pieces
 43443 | Vaults:4 | Identified the +0 ring mail "Morphiyg" {Rampage rF+ Will+
                  | Str+4}
 44151 | Vaults:4 | Reached XP level 21. HP: 201/201 MP: 29/29
 44484 | Vaults:5 | Entered Level 5 of the Vaults
 44486 | Abyss:3  | Cast into level 3 of the Abyss (a deep elf demonologist)
 44515 | Abyss:3  | Found a corrupted altar of Lugonu.
 44529 | Abyss:3  | Found a corrupted altar of Lugonu.
 44710 | Abyss:3  | Found a corrupted altar of Lugonu.
 44743 | Abyss:3  | Gained mutation: Your muscles are strong. (Str +4, Int/Dex
                  | -1) [a neqoxec]
 44755 | Abyss:3  | Gained mutation: You are frail. (-10% HP) [a neqoxec]
 44790 | Vaults:5 | Escaped the Abyss
 45464 | Vaults:5 | HP: 1/181 [stone giant (25)]
 45464 | Vaults:5 | Slain by a shadow dragon

Illustrated notes

Levels and vault maps discovered:
D:1:      heliophobic_arrival_enchanted_forest, layout_basic,
          grunt_decor_clamped, minmay_close_crescents
D:2:      layout_loops_ring, shapermc_ecumenical_altar_pompeii
D:3:      layout_loops_ring, mainiacjoe_overflow_alcove_1,
          uniq_crazy_yiuf_cottage
D:4:      layout_loops_ring, serial_co_window_serial, co_window_corner_a,
          co_window_corner_a, co_window_paths_a, co_window_paths_b,
          co_window_paths_a, co_window_broadway_a, co_window_corner_cb,
          co_window_paths_c, co_window_4corner_b, glass_columns_a,
          glass_columns_a, glass_columns_a, uniq_edmund, uniq_duvessa
D:5:      layout_rooms, gammafunk_temple_overflow_elements,
          minmay_temple_entry_grid, nicolae_ossuary_entry_false_entrances,
          serial_shops, nicolae_shop_pleasant_corner_grove
D:6:      layout_rooms, mainiacjoe_overflow_cross_hatched, uniq_prince_ribbit1
D:7:      layout_basic, serial_shops, shop
D:8:      layout_loops_cross, xom_butterflies, minmay_lair_entry_grove,
          uniq_pikel, uniq_grum
D:9:      layout_basic, serial_shops, nicolae_shop_trees,
          gammafunk_ghost_wrathful_warriors
D:10:     wad_arrow_thing, layout_irregular_city,
          nicolae_overflow_macrodata_refinement, serial_rivers,
          chequers_serial_rivers_marsh, chequers_serial_rivers_micro_c,
          chequers_serial_rivers_micro_c, chequers_serial_rivers_micro_d,
          chequers_serial_rivers_small_b
D:11:     layout_layer_cave, portal_ice_cave_entry_ice_simulacra, uniq_nergalle
D:12:     nzn_winding_woodlands_small
          [nzn_winding_woodlands_5x15_river_crossing,
          nzn_winding_woodlands_center_lodge, nzn_winding_woodlands_5x15_pool],
          layout_loops_cross, david_orc_4, nzn_wu_jian_contemplation
D:13:     layout_stronghold, st_stairs_1
D:14:     layout_cave_pools, skrybe_vaults_entry_preservation,
          old_standard_altar, biasface_ghost_orc_armoury,
          nrook_guardian_serpent_double
Temple:   nicolae_temple_figure_eight
Lair:1:   layout_loops_ring, special_room [special_room_bee],
          infiniplex_staircase_pool
Lair:2:   layout_regular_city
Lair:3:   layout_regular_city, minmay_swamp_entry_swarm,
          minmay_snake_entry_six_corridors, infiniplex_staircase_pool_2
Lair:4:   mu_elephants_graveyard, layout_regular_city,
          nicolae_slime_entry_field_trip, enter_volcano_1, uniq_josephine
Lair:5:   grunt_lair_end_beastmaster, layout_hall_layers,
          nicolae_lair_liquid_snakes, lemuel_fruit_fields
Swamp:1:  bobbens_index_wilting_gardens, layout_basic_swamp,
          evilmike_swamp_ruin_house_6
Swamp:2:  layout_falls_marsh, nicolae_swamp_ascending_descending_big
Swamp:3:  layout_basic_swamp, nicolae_swamp_tree_designs,
          nzn_swamp_weyward_sisters, uniq_jorgrun
Swamp:4:  swamp_basic_johnstein, layout_basic_swamp
Snake:1:  layout_layer_cave, serial_shops, bzr_firewalk,
          serial_library_hellmonk_layered_room, corexii_hall_statues_i,
          grunt_ministairs_9, nicolae_snake_gridmaze_zigzag,
          nicolae_snake_squiggles, lemuel_fruit_tree, uniq_aizul
Snake:2:  nicolae_snake_unarmed_stairs_patrol, layout_cave_pods,
          gammafunk_ghost_arena, minmay_snake_pond, minmay_shoptagon
Snake:3:  layout_cave_town, grunt_megastairs_1
Snake:4:  grunt_snake_rune_pools, layout_cave_town, serial_shops, shop,
          uniq_vashnia
Orc:1:    layout_caves, nicolae_orc_minecarts
Orc:2:    st_orc_town, layout_caves, minmay_shop_mayhem, uniq_saint_roka,
          uniq_erolcha
Vaults:1: hangedman_vaults_pinch, v_alt_pattern_6,
          nicolae_vaults_closet_pinwheel_4, nicolae_vaults_loss_of_containment,
          nicolae_vaults_storage_closets_1, nicolae_vaults_ring_of_whatevers,
          nicolae_vaults_double_plus_2, v_misc_15,
          ontoclasm_vaults_loading_screen, v_misc_15,
          nicolae_vaults_stepped_doors, hangedman_vaults_river_flow,
          nicolae_vaults_hallways_thing, nicolae_vaults_hexular_roomagon,
          vaults_room_stairs_pillars, nicolae_vaults_storage_room_glass,
          layout_vaults_maze, uniq_boris
Vaults:2: nicolae_vaults_more_shelving_2, nicolae_vaults_closet_pinwheel_4,
          st_quartered_hall, vaults_dpeg_doors,
          nicolae_vaults_heart-shaped_vault, minmay_crypt_entry_skeletal_spiral,
          nicolae_vaults_stairing_the_circle, nicolae_vaults_little_squares_6,
          vaults_mumra_hex, v_alt_pattern_3, nicolae_vaults_octothorpe,
          layout_vaults_big_cross, uniq_asterion
Vaults:3: nicolae_vaults_six-pack, nicolae_vaults_storing_the_good_stuff,
          v_misc_5, ontoclasm_vaults_bender, grunt_vaults_twisty,
          grunt_vaults_hallway_short, nicolae_vaults_ninety_degrees,
          nicolae_vaults_sesquioval_fish, layout_vaults_quadrants, serial_shops,
          shop, uniq_zenata
Vaults:4: portal_desolation_entry_garden, v_misc_2, ontoclasm_vaults_hangar,
          vaults_room_octagon, nicolae_vaults_trapezoid_4,
          ontoclasm_vaults_ring_small, nicolae_vaults_six-pack,
          nicolae_vaults_little_squares_6, nicolae_vaults_offset_grid_hallway_4,
          v_alt_pattern_1, hangedman_vaults_nails, layout_vaults_ring
Vaults:5

Skill      XL: |  1  2  3  4  5  6  7  8  9 10 11 12 13 14 15 16 17 18 19 20 21 |
---------------+----------------------------------------------------------------+-----
Dodging        | 1 2 3 4 5 6 7 8 10 11 12 13 14 15 16 17 18 19 | 19.5
Fighting       | 4 5 6 7 8 9 10 11 12 13 14 16 17 18 19 20 | 20.6
Shields        | 4 5 6 7 9 10 12 14 | 14.6
Armour         | 4 5 6 7 8 9 10 11 12 13 14 16 17 18 19 20 | 20.7
Polearms       | 3 4 5 6 7 8 10 11 12 13 14 15 16 18 19 20 | 20.5
Invocations    | 1 3 4 6 7 8 10 11 13 | 13.5
Evocations     | 1 4 5 7 8 9 |  9.2
Ranged Weapons | 1 5 6 |  6.9

Action                     |  1- 3 |  4- 6 |  7- 9 | 10-12 | 13-15 | 16-18 | 19-21 || total
---------------------------+-------+-------+-------+-------+-------+-------+-------++-------
  Melee: Trident           |    98 |   157 |   324 |   595 |  1799 |  1980 |  1808 ||  6761
         Headbutt          |    16 |    25 |    77 |   128 |   456 |   483 |   627 ||  1812
   Fire: Hand cannon       |       |       |       |       |    18 |     3 |       ||    21
  Throw: Dart              |       |       |       |     1 |     2 |     6 |       ||     9
 Invoke: Grand Finale      |       |       |       |       |     1 |       |     1 ||     2
         Stomp             |       |       |       |       |       |       |     2 ||     2
  Evoke: Wand              |       |       |       |       |    11 |    12 |     5 ||    28
         Phantom mirror    |       |       |       |       |       |       |     1 ||     1
    Use: Scroll            |     4 |     1 |     4 |     1 |    15 |    13 |     1 ||    39
         Potion            |       |     1 |       |     1 |     1 |     1 |     1 ||     5
   Stab: Paralysed         |       |       |     7 |    44 |   173 |   185 |   194 ||   603
         Sleeping          |       |       |       |       |       |     1 |     4 ||     5
         Distracted        |       |       |       |       |       |       |     2 ||     2
 Armour: Scale mail        |    49 |       |       |       |       |       |       ||    49
         Chain mail        |     4 |    97 |   145 |       |       |       |       ||   246
         Plate armour      |       |       |   117 |   342 |  1067 |   275 |       ||  1801
         Skin              |       |       |     2 |       |       |       |       ||     2
         Shadow dragon sca |       |       |       |       |       |  1003 |   780 ||  1783
  Dodge: Dodged            |    40 |    52 |   112 |   215 |   642 |   698 |   586 ||  2345
  Block: Buckler           |    17 |    28 |    73 |   297 |   474 |    61 |       ||   950
         Reflection        |       |       |       |     1 |     8 |       |       ||     9
         Tower shield      |       |       |       |       |       |   430 |       ||   430
         Kite shield       |       |       |       |       |       |   818 |  1138 ||  1956
